 Dungeon Crawl Stone Soup version 0.31-a0-880-g9a209b2425 (webtiles) character file.

Game seed: 9910074641423343645

5840 JackS81 the Grappler (level 11, 0/118 HPs)
             Began as a Meteoran Shapeshifter on Oct 15, 2023.
             Was a Follower of Nemelex Xobeh.
             Slain by a slime creature (6 damage)
             ... on level 8 of the Dungeon.
             The game lasted 00:40:03 (4554 turns).

JackS81 the Grappler (Meteoran Shapeshifter)        Turns: 4554, Time: 00:40:04

Health: 0/118      AC: 25    Str: 25    XL:     11   Next: 28%
Magic:  12/12      EV:  2    Int: 11    God:    Nemelex Xobeh [*.....]
Gold:   374        SH:  0    Dex: 16    Spells: 10/10 levels left

rFire   . .          .
                       - Unarmed
rCold   . . .        (no shield)
rNeg    . . .        l - melded +6 scale mail of the Known World {Str+3}
rPois   +            (helmet currently unavailable)
rElec   .            (cloak currently unavailable)
rCorr   .            (gloves currently unavailable)
SInv    .            (boots currently unavailable)
Will    +....        (no amulet)
Stlth   +            o - +6 ring of strength
HPRegen 0.39/turn    w - ring of poison resistance
MPRegen 0.13/turn

%: no passive effects
@: tree-form, glowing
A: stationary, stasis, torment immunity, boosted hp, sense surroundings 2,
otherworldly, glowing, explore regen
a: Renounce Religion, Draw Escape, Draw Destruction, Draw Summoning


You were on level 8 of the Dungeon.
You worshipped Nemelex Xobeh.
Nemelex Xobeh was aware of your devotion.
You were a tree.
You visited 2 branches of the dungeon, and saw 9 of its levels.
You also visited: Ossuary.

You collected 374 gold pieces.

Inventory:

Hand Weapons
 f - a +3 dagger
 i - a +0 whip
 t - a +1 dagger of pain
 z - a +2 heavy hand axe
 D - a +0 arbalest
 E - a +1 antimagic shortbow
 N - a +2 hand axe of electrocution
 S - a +0 dagger of draining
Missiles
 h - 7 poisoned darts (quivered)
Armour
 a - a +0 animal skin
 l - the +6 scale mail of the Known World (melded) {Str+3}
   (You found it on level 2 of the Dungeon)

   Str+3:     It affects your strength (+3).
 v - a +1 robe
 x - the +18 Lear's hauberk
   (You found it on level 4 of the Dungeon)
 R - +0 acid dragon scales
Magical Staves
 M - a staff of air
Jewellery
 o - a +6 ring of strength (left branch)
 w - a ring of poison resistance (right branch)
Talismans
 c - a beast talisman
 d - a flux talisman
 m - a maw talisman
Wands
 n - a wand of mindburst (4)
 r - a wand of paralysis (14)
 C - a wand of roots (8)
Scrolls
 b - a scroll of acquirement
 e - 2 scrolls of teleportation {unknown}
 g - a scroll of vulnerability {unknown}
 p - a scroll of immolation {unknown}
 q - 3 scrolls of enchant armour {unknown}
 s - 3 scrolls of fog {unknown}
 u - 2 scrolls of amnesia {unknown}
 y - a scroll of enchant weapon {unknown}
 H - 3 scrolls of brand weapon {unknown}
 J - a scroll of poison {unknown}
 L - a scroll of revelation {unknown}
 Q - a scroll of identify
 T - a scroll of torment {unknown}
Potions
 j - 3 potions of attraction
 k - a potion of degeneration
 A - 2 potions of curing
 B - a potion of haste {unknown}
 G - a potion of mutation {unknown}
 I - a potion of resistance {unknown}
 K - a potion of invisibility
 O - a potion of berserk rage {unknown}
 P - 2 potions of might {unknown}


   Skills:
 + Level 1.8 Fighting
 + Level 6.2 Armour
 + Level 4.9 Dodging
 + Level 13.8 Unarmed Combat
 + Level 1.3 Evocations
 * Level 9.9 Shapeshifting


You had 10 spell levels left.
You didn't know any spells.
Your spell library contained the following spells:

 Spells                   Type           Power      Damage    Failure   Level
 Kiss of Death            Conj/Necr      0%         2d5       34%         1
 Sandblast                Erth           0%         2d4       34%         1
 Passwall                 Tmut/Erth      0%         N/A       47%         2
 Confusing Touch          Hex            0%         N/A       71%         3
 Stone Arrow              Conj/Erth      0%         3d7       71%         3
 Brom's Barrelling Bould  Conj/Erth      0%         2d3       98%         4
 Dispel Undead            Necr           0%         3d6       98%         4


Dungeon Overview and Level Annotations

Branches:
Dungeon (8/15) Zot: 629    Temple (1/1) D:6 Zot: 598 Ossuary (visited)
   Lair: D:8-11

Altars:
Ashenzari
Cheibriados
Dithmenos
Elyvilon
Fedhas
Hepliaklqana
Kikubaaqudgha
Makhleb
Nemelex Xobeh
Okawaru
Qazlal
Ru
Trog
Uskayaw
Vehumet
Wu Jian
Xom
Yredelemnul
Zin
The Shining One

Annotations:
D:4 2 runed translucent doors, Heedrag's ghost, amateur GrEE
D:8 3 runed translucent doors, ScotchWhisky's ghost, novice GnWn


Innate Abilities, Weirdness & Mutations

You are a tree.
Your roots penetrate the ground, keeping you stationary.
You cannot be teleported.
You are immune to unholy pain and torment.
Your maximum health is greatly increased.
Your equipment is partially melded.
You passively map the area around you.
You are easily found by Zot.
You glow in the dark.
You regain HP and MP as you explore.


Message History

The slime creature hits you.
* * * LOW HITPOINT WARNING * * *
The tengu conjurer hits you but does no damage.
The tengu conjurer pecks you but does no damage.
The tengu conjurer claws you but does no damage.
Your killer bee closely misses the tengu conjurer.
You hit the orc warrior.
You kill the orc warrior!
Your killer bee closely misses the tengu conjurer.
The tengu conjurer hits you with a +0 short sword of speed!
* * * LOW HITPOINT WARNING * * *
The tengu conjurer pecks you but does no damage.
The tengu conjurer claws you but does no damage.
You smack the slime creature!
The slime creature is moderately wounded.
Your killer bee misses the tengu conjurer.
The slime creature hits you but does no damage.
The tengu conjurer hits you with a +0 short sword of speed.
* * * LOW HITPOINT WARNING * * *
The tengu conjurer pecks you but does no damage.
The tengu conjurer claws you but does no damage.
Your killer bee closely misses the tengu conjurer.
You pummel the slime creature!!
The slime creature is severely wounded.
The slime creature hits you!
* * * LOW HITPOINT WARNING * * *
Your killer bee closely misses the tengu conjurer.
The tengu conjurer hits you but does no damage.
The tengu conjurer completely misses you.
The tengu conjurer claws you but does no damage.
You pummel the tengu conjurer!!
The tengu conjurer is severely wounded.
Your killer bee closely misses the tengu conjurer.
The tengu conjurer barely misses you. The tengu conjurer pecks you.
* * * LOW HITPOINT WARNING * * *
The tengu conjurer claws you.
* * * LOW HITPOINT WARNING * * *
The slime creature hits you.
You die...
Your body disappears without additional glow.

* , * #.* #.#.##. ## ,*
,,, ###.#######...##.##
**,* ...........#.##..#
, , ,
####......#.###.##.#####
, , ......##...##
##........ , *
..........#.#*#.##.####.
* #.........##.#.# #.#
##. * #.....)Qy...#.#
#.# #.. , *
#...###♣###...# #......
,,, ...##†J#####..#
#.###.. , ,,
#..D...###... .#.,... *
* , *########J#*#.. #
##### * * ##)D.J).[## ..
,* * ##.########* , ,, *
#.#....... , ,** * * , ,
#...######## * ,* **
,##..#* , , *


You could see a slime creature, a tengu conjurer (very poisoned, ally target),
an acid dragon and a friendly killer bee (summoned).

Vanquished Creatures
  A centaur warrior (D:8)
  A tengu warrior (D:8)
  A deep elf pyromancer (D:8)
  A manticore (D:8)
  A komodo dragon (D:8)
  2 hornets (D:7)
  Sigmund (D:3)
  2 wyverns (D:8)
  A basilisk (D:8)
  Menkaure (D:5)
  A vampire mosquito (D:8)
  An acid dragon (D:8)
  A water moccasin (D:6)
  An ice beast (D:6)
  2 orc warriors
  A black bear (D:8)
  A sky beast (D:8)
  2 ogres (D:5)
  A centaur (D:7)
  2 phantoms
  A bullfrog (D:7)
  6 scorpions
  4 wights (D:7)
  A killer bee (D:8)
  A howler monkey (D:8)
  5 hounds
  A jelly (D:5)
  3 orc priests (D:5)
  A gnoll bouda (D:7)
  Ijyb (D:4)
  An iguana (D:5)
  3 orc wizards
  4 mummies (Ossuary)
  8 gnolls
  4 adders
  A shadow imp (D:6)
  A white imp (D:6)
  A worm (D:3)
  16 orcs
  3 endoplasms
  A giant cockroach (D:1)
  5 gnoll zombies (Ossuary)
  7 goblins
  8 hobgoblins
  6 jackals
  A quokka (D:1)
  3 ball pythons
  3 bats
  A frilled lizard (D:1)
  5 goblin skeletons (Ossuary)
  A goblin zombie (Ossuary)
  5 hobgoblin skeletons (Ossuary)
  7 hobgoblin zombies (Ossuary)
  5 kobolds
  4 kobold skeletons (Ossuary)
  6 kobold zombies (Ossuary)
  4 orc skeletons (Ossuary)
  2 orc zombies (Ossuary)
  12 rats
  7 rat skeletons (Ossuary)
  4 rat zombies (Ossuary)
188 creatures vanquished.

Vanquished Creatures (collateral kills)
  2 orcs (D:8)
2 creatures vanquished.

Grand Total: 190 creatures vanquished

Notes
Turn   | Place    | Note
-------+----------+-------------------------------------------
     0 | D:1      | JackS81 the Meteoran Shapeshifter began the quest for the
                  | Orb.
     0 | D:1      | Reached XP level 1. HP: 16/16 MP: 2/2
   237 | D:1      | Reached XP level 2. HP: 15/23 MP: 3/3
   290 | D:1      | Reached skill level 4 in Unarmed Combat
   400 | D:1      | Reached XP level 3. HP: 27/28 MP: 4/4
   536 | D:2      | Identified the +6 scale mail of the Known World {Str+3}
   892 | D:3      | You fall into a shaft and drop 1 floor!
   912 | D:4      | Reached XP level 4. HP: 35/35 MP: 5/5
   993 | D:3      | Found a snail-covered altar of Cheibriados.
   994 | D:3      | Found a broken altar of Ashenzari.
  1046 | D:3      | Reached skill level 5 in Unarmed Combat
  1159 | D:3      | Found a hide-covered altar of Uskayaw.
  1249 | D:3      | Found a basalt altar of Yredelemnul.
  1275 | D:3      | Noticed Sigmund
  1283 | D:3      | Killed Sigmund
  1284 | D:3      | Reached skill level 6 in Unarmed Combat
  1284 | D:3      | Reached skill level 5 in Shapeshifting
  1284 | D:3      | Reached XP level 5. HP: 35/40 MP: 6/6
  1284 | D:3      | Reached XP level 6. HP: 42/47 MP: 7/7
  1294 | D:3      | Found a radiant altar of Vehumet.
  1295 | D:3      | Found a burning altar of Makhleb.
  1296 | D:3      | Found a shadowy altar of Dithmenos.
  1463 | D:4      | Noticed Ijyb
  1464 | D:4      | Paralysed by Ijyb for 3 turns
  1478 | D:4      | Killed Ijyb
  1606 | D:4      | Reached skill level 7 in Unarmed Combat
  1606 | D:4      | Reached XP level 7. HP: 52/52 MP: 8/8
  1610 | D:4      | Found a runed translucent door.
  1612 | D:4      | Noticed Heedrag's ghost (amateur GrEE)
  1660 | D:4      | Found the +18 Lear's hauberk
  1709 | D:4      | Found a runed translucent door.
  1732 | D:4      | Reached skill level 1 in Armour
  1912 | D:5      | Entered Level 5 of the Dungeon
  1934 | D:5      | Found a white marble altar of Elyvilon.
  2009 | D:5      | Reached skill level 8 in Unarmed Combat
  2009 | D:5      | Reached XP level 8. HP: 40/59 MP: 9/9
  2050 | D:5      | Noticed Menkaure
  2068 | D:5      | Identified a scroll of acquirement
  2076 | D:5      | Killed Menkaure
  2278 | D:5      | Reached skill level 9 in Unarmed Combat
  2459 | D:5      | Gained mutation: You passively map the area around you.
                  | [Meteoran growth]
  2459 | D:5      | Reached XP level 9. HP: 50/64 MP: 10/10
  2500 | D:5      | Found a bloodstained altar of Trog.
  2666 | D:6      | Found a sand-covered staircase.
  2684 | Ossuary  | Entered an ossuary
  3028 | D:6      | Reached skill level 10 in Unarmed Combat
  3174 | D:6      | Found a hazy altar of Hepliaklqana.
  3199 | D:6      | Found a staircase to the Ecumenical Temple.
  3259 | D:6      | Found a sparkling altar of Nemelex Xobeh.
  3262 | D:6      | Became a worshipper of Nemelex Xobeh the Trickster
  3436 | Temple   | Entered the Ecumenical Temple
  3501 | D:7      | Noticed a hornet
  3509 | D:7      | Killed a hornet
  3557 | D:7      | Reached skill level 11 in Unarmed Combat
  3885 | D:7      | Noticed a hornet
  3894 | D:7      | Killed a hornet
  3895 | D:7      | Reached XP level 10. HP: 60/72 MP: 11/11
  3915 | D:7      | Reached skill level 12 in Unarmed Combat
  3983 | D:7      | Reached * piety under Nemelex Xobeh
  4027 | D:7      | Received a gift from Nemelex Xobeh
  4053 | D:8      | Found a runed translucent gate.
  4053 | D:8      | Found a runed translucent gate.
  4055 | D:8      | Found a runed translucent gate.
  4056 | D:8      | Noticed ScotchWhisky's ghost (novice GnWn)
  4184 | D:8      | Noticed a komodo dragon
  4197 | D:8      | Killed a komodo dragon
  4414 | D:8      | Noticed a manticore
  4420 | D:8      | Killed a manticore
  4421 | D:8      | Reached skill level 13 in Unarmed Combat
  4441 | D:8      | Reached skill level 5 in Armour
  4452 | D:8      | Noticed a deep elf pyromancer
  4455 | D:8      | Noticed a tengu warrior
  4472 | D:8      | Killed a tengu warrior
  4473 | D:8      | Reached XP level 11. HP: 47/79 MP: 12/12
  4474 | D:8      | Killed a deep elf pyromancer
  4475 | D:8      | Reached skill level 1 in Evocations
  4539 | D:8      | Noticed a centaur warrior
  4546 | D:8      | Killed a centaur warrior
  4554 | D:8      | Slain by a slime creature

Illustrated notes

Levels and vault maps discovered:
D:1:      evilmike_arrival_home_sweet_home, layout_basic, serial_curves,
          eino_curves_04, eino_curves_02, eino_curves_01, eino_curves_01,
          minmay_rat_gold_closets
D:2:      layout_basic
D:3:      layout_loops_ring, lemuel_coloured_pillars_altar,
          mainiacjoe_overflow_divided_tiny, gammafunk_temple_overflow_forgotten,
          nicolae_uskayaw_dance_hall, guppyfry_early_lair_pool, uniq_sigmund
D:4:      nicolae_cairo_tiling_very_big, layout_layer_cave,
          ebering_ghost_sewer_f, supply_closet_lemuel, uniq_eustachio, uniq_ijyb
D:5:      layout_basic, trog_hazing_becter, overflow_temple_1_default,
          st_stairs_14, uniq_menkaure
D:6:      layout_rooms, kennysheep_mini, nicolae_hepliaklqana_hippocampus,
          minmay_temple_entry_arrows, nicolae_ossuary_entry_ruins,
          chequers_serial_rivers_room_b
D:7:      layout_basic
D:8:      minmay_the_grid_octo_triangle [minmay_the_grid_octo_toaster,
          minmay_the_grid_octo_prize_star, minmay_the_grid_octo_odd_swirl],
          layout_loops_ring, erik_lair_dragon, biasface_ghost_orc_armoury,
          nicolae_zen_rock_garden
Temple:   jpeg_temple_island

Skill      XL: |  1  2  3  4  5  6  7  8  9 10 11 |
---------------+----------------------------------+-----
Shapeshifting  | 4 5 6 7 9 |  9.9
Unarmed Combat | 4 6 7 8 9 11 13 | 13.8
Armour         | 1 2 3 5 6 |  6.2
Dodging        | 3 4 |  4.9
Evocations     | 1 |  1.3
Fighting       | |  1.8

Action                     |  1- 3 |  4- 6 |  7- 9 | 10-12 || total
---------------------------+-------+-------+-------+-------++-------
  Melee: Unarmed           |    70 |    58 |   290 |    91 ||   509
         Punch             |     3 |       |    17 |     2 ||    22
         Maw               |       |       |     1 |       ||     1
  Throw: Dart              |       |       |     5 |       ||     5
 Invoke: Draw Destruction  |       |       |       |     3 ||     3
         Draw Summoning    |       |       |       |     2 ||     2
         Draw Escape       |       |       |       |     1 ||     1
  Evoke: Wand              |       |     1 |     3 |     4 ||     8
    Use: Potion            |     1 |       |       |     7 ||     8
         Scroll            |       |       |     6 |       ||     6
 Armour: Animal skin       |    22 |       |       |       ||    22
         Skin              |     9 |       |     4 |    68 ||    81
         Scale mail        |     7 |    23 |   111 |    55 ||   196
  Dodge: Dodged            |    34 |    20 |   109 |    27 ||   190
   Form: Maw               |       |       |     1 |       ||     1
         Flux              |       |       |     1 |       ||     1

Table legend: (Time is in decaauts)
 A = Elapsed time spent in this place.
 B = Non-inter-level travel time spent in this place.
 C = Inter-level travel time spent in this place.
 D = Time resting spent in this place.
 E = Time spent auto-exploring this place.
 F = Levels seen in this place.
 G = Mean time per level.
                   A        B        C        D        E       F      G
               +--------+--------+--------+--------+--------+-----+--------+
         Total |   4468 |   4030 |    438 |    160 |    545 |  10 |  446.8 |
       Dungeon |   4170 |   3732 |    438 |    160 |    545 |   8 |  521.2 |
        Temple |      1 |      1 |      0 |      0 |      0 |   1 |    1.0 |
       Ossuary |    297 |    297 |      0 |      0 |      0 |   1 |  297.0 |
               +--------+--------+--------+--------+--------+-----+--------+

Top non-repeatable levels by time:
     D:5: 693 daAuts
     D:4: 596 daAuts
     D:7: 583 daAuts
     D:6: 506 daAuts
     D:8: 491 daAuts
     D:1: 474 daAuts
     D:3: 460 daAuts
     D:2: 363 daAuts
 Ossuary: 297 daAuts
  Temple: 1 daAuts
